 Dungeon Crawl Stone Soup version 0.30-a0-629-gd54f4be4f7 (webtiles) character file.

Game seed: 5520466570893618505

1530 rogsnak the Conjurer (level 8, -2/53 HPs)
             Began as a Demonspawn Fire Elementalist on Jan 13, 2023.
             Was an Initiate of Sif Muna.
             Slain by an orc knight
             ... wielding a +0 trident
              (16 damage)
             ... in a bailey.
             The game lasted 00:15:09 (6914 turns).

rogsnak the Conjurer (Demonspawn Fire Elementalist) Turns: 6914, Time: 00:15:09

Health: -2/53      AC:  5    Str:  9    XL:     8   Next: 55%
Magic:  11/15      EV: 12    Int: 19    God:    Sif Muna [......]
Gold:   281        SH:  0    Dex: 13    Spells: 11/17 levels left

rFire   . . .      SeeInvis .    k - +2 dagger (venom)
rCold   . . .      Faith    .    (no shield)
rNeg    . . .      Spirit   .    a - +0 robe
rPois   .          Reflect  .    (helmet restricted)
rElec   .          Harm     .    s - scarf {repulsion}
rCorr   .          Rampage  .    (no gloves)
Will    +....                    e - +0 pair of boots
Stlth   ++                       Q - amulet of magic regeneration
HPRegen 0.28/turn                O - ring of willpower
MPRegen 0.54/turn                (no ring)

@: repel missiles
A: horns 2, spiny 1, sharp scales 2, demonic magic 1
a: Renounce Religion


You were in a bailey.
You worshipped Sif Muna.
Sif Muna was noncommittal.
You visited 2 branches of the dungeon, and saw 8 of its levels.
You also visited: Bailey.

You collected 281 gold pieces.

Inventory:

Hand Weapons
 c - a +0 dagger
 i - a +0 short sword
 j - a +0 quarterstaff
 k - a +2 dagger of venom (weapon)
 E - a +4 flail of freezing
Missiles
 d - 29 stones
 G - 6 atropa-tipped darts
Armour
 a - a +0 robe (worn)
 e - a +0 pair of boots (worn)
 h - a +0 cloak
 s - a scarf of repulsion (worn)
 z - a +2 leather armour of poison resistance
 A - a +0 buckler
Jewellery
 g - an amulet of regeneration
 M - an amulet of the acrobat
 O - a ring of willpower (left hand)
 Q - an amulet of magic regeneration (around neck)
Wands
 J - a wand of iceblast (9)
 L - a wand of flame (28)
 N - a wand of quicksilver (18)
 R - a wand of charming (13)
Scrolls
 f - a scroll of enchant weapon {unknown}
 m - a scroll of enchant armour {unknown}
 n - 2 scrolls of teleportation {unknown}
 o - a scroll of torment {unknown}
 p - 5 scrolls of vulnerability {unknown}
 u - 3 scrolls of noise {unknown}
 x - 4 scrolls of identify {unknown}
 y - a scroll of magic mapping {unknown}
 B - a scroll of blinking {unknown}
 P - a scroll of brand weapon {unknown}
Potions
 b - a potion of magic
 l - 2 potions of resistance {unknown}
 q - 3 potions of attraction {unknown}
 r - 2 potions of curing {unknown}
 t - 7 potions of heal wounds {unknown}
 v - a potion of cancellation {unknown}
 w - a potion of brilliance {unknown}
 C - a potion of haste {unknown}
 D - a potion of invisibility {unknown}
 F - 3 potions of flight {unknown}
 H - 2 potions of mutation {unknown}
 I - a potion of lignification {unknown}
 K - a potion of might {unknown}


   Skills:
 + Level 0.8 Fighting
 + Level 2.6 Dodging
 - Level 2.0 Stealth
 + Level 5.2 Spellcasting
 * Level 6.9 Conjurations
 + Level 5.7 Fire Magic


You had 11 spell levels left.
You knew the following spells:

 Your Spells              Type           Power      Damage    Failure   Level
a - Foxfire               Conj/Fire      100%       2x1d9     1%          1
b - Flame Wave            Conj/Fire      29%        2d9       9%          4
c - Shock                 Conj/Air       72%        1d7       3%          1

Your spell library contained the following spells:

 Spells                   Type           Power      Damage    Failure   Level
 Scorch                   Fire           52%        2d7       1%          2
 Inner Flame              Hex/Fire       15%        N/A       11%         3
 Summon Small Mammal      Summ           16%        N/A       12%         1
 Kindle Blastsparks       Fire/Tloc/Air  24%        2d12      17%         3
 Call Canine Familiar     Summ           4%         N/A       36%         3
 Summon Guardian Golem    Hex/Summ       4%         N/A       36%         3
 Swiftness                Air            4%         N/A       36%         3
 Airstrike                Air            2%         2d(1-17)  77%         4


Dungeon Overview and Level Annotations

Branches:
Dungeon (7/15)             Temple (1/1) D:5          Bailey (1/1)

Altars:
Ashenzari
Cheibriados
Dithmenos
Fedhas
Hepliaklqana
Kikubaaqudgha
Makhleb
Nemelex Xobeh
Okawaru
Qazlal
Sif Muna
Trog
Uskayaw
Vehumet
Wu Jian
Xom
Yredelemnul

Shops:
D:4 [   D:5 *

Annotations:
D:4 3 runed translucent doors, mandoloar's ghost, novice GnWr


Innate Abilities, Weirdness & Mutations

You have a pair of horns on your head.
You are partially covered in sharp spines.
You are mostly covered in razor-sharp scales. (AC +2, Slay +2)
Spells you cast may paralyse adjacent enemies.


Message History

Your foxfire dissipates! x2
You start resting.
An orc knight is nearby!
Things that are here:
a +0 spear; a +0 scale mail; an orc corpse
Things that are here:
a +0 spear; a +0 scale mail; an orc corpse
Casting: Foxfire (safe; 1% risk of failure)
Confirm with . or Enter, or press ? or * to list all spells.
Casting: Flame Wave (dangerous; 9% risk of failure)
Press: ? - help, Dir - look around, f - activate A wave of flame ripples out! (Press . to intensify the flame waves.) Malevolent energies surge around you.
Unknown command.
A wave of flame ripples out!
You are engulfed in a cloud of scalding steam.
You hear a shout!
Unknown command.
A wave of flame ripples out!
The flame wave engulfs the orc knight!
The orc knight is moderately wounded.
You finish channelling waves of flame.
You are engulfed in a cloud of scalding steam.
You hear a shout!
The orc knight is engulfed in a cloud of scalding steam.
The orc knight hits you from afar with a +0 trident!
Unknown command.
Unknown command.
Unknown command.
You are engulfed in a cloud of scalding steam.
Unknown command.
Aiming: Quicksilver Bolt
Press: ? - help, Shift-Dir - straight line, f - orc knight
Aim: an orc knight, wielding a +0 trident and wearing a +0 scale mail (steam, moderately wounded, 64% to hit)
The bolt of dispelling energy misses the orc knight.
You are engulfed in a cloud of scalding steam.
* * * LOW HITPOINT WARNING * * *
The orc knight is engulfed in a cloud of scalding steam.
The orc knight hits you from afar with a +0 trident!
You die...

#.~.##########
#'## #.~.##
.§. #.~..##
≈≈≈§≈ #.~~..##
≈.. §.
##.~§§.#
#§§§)§.#+#
#§§o§§##.##
#§§.§##.$.#
#.§@##.$$$.
#.§§#######
#§§§§......
#.~~~~~~~~~
#..).......
##))######.
#..## ##..#
#∩∩##


You could see an orc knight.

Vanquished Creatures
  Menkaure (D:4)
  3 orc warriors
  A sky beast (D:7)
  An ogre (D:4)
  Blork the orc (D:4)
  2 necrophages (D:4)
  A scorpion (D:6)
  A wight (D:4)
  2 jellies (D:6)
  2 hounds (D:5)
  A human zombie (D:4)
  3 orc priests (D:5)
  3 scorpion zombies (D:4)
  3 iguanas (D:6)
  An orc wizard (D:5)
  2 hound zombies (D:4)
  Robin (D:4)
  A gnoll (D:2)
  5 adders
  A white imp (D:4)
  2 ufetubi (D:5)
  3 adder zombies (D:4)
  A worm (D:4)
  2 dart slugs (D:1)
  17 orcs
  7 ball pythons
  6 endoplasms
  6 giant cockroaches
  12 goblins
  10 hobgoblins
  2 jackals (D:3)
  8 quokkas
  6 bats
  2 frilled lizards
  9 kobolds
  9 rats
138 creatures vanquished.

Vanquished Creatures (collateral kills)
  2 foxfires (D:1)
2 creatures vanquished.

Vanquished Creatures (others)
  495 foxfires
495 creatures vanquished.

Grand Total: 635 creatures vanquished

Notes
Turn   | Place    | Note
-------+----------+-------------------------------------------
     0 | D:1      | rogsnak the Demonspawn Fire Elementalist began the quest
                  | for the Orb.
     0 | D:1      | Reached XP level 1. HP: 13/13 MP: 3/3
   392 | D:1      | Found a faded altar of an unknown god.
   527 | D:1      | Gained mutation: Spells you cast may paralyse adjacent
                  | enemies. [demonic ancestry]
   527 | D:1      | Reached XP level 2. HP: 19/19 MP: 3/5
  1362 | D:2      | Gained mutation: You are partially covered in sharp spines.
                  | [demonic ancestry]
  1362 | D:2      | Reached XP level 3. HP: 24/24 MP: 2/6
  1782 | D:2      | Reached skill level 2 in Conjurations
  2093 | D:2      | Gained mutation: You are partially covered in razor-sharp
                  | scales. (AC +1, Slay +1) [demonic ancestry]
  2093 | D:2      | Reached XP level 4. HP: 30/30 MP: 2/7
  3331 | D:4      | Noticed Blork the orc
  3341 | D:4      | Killed Blork the orc
  3342 | D:4      | Reached skill level 3 in Conjurations
  3342 | D:4      | Gained mutation: You have a pair of small horns on your
                  | head. [demonic ancestry]
  3342 | D:4      | Reached XP level 5. HP: 35/35 MP: 0/9
  3481 | D:4      | Found Baal's Dragon-Slaying Spoils.
  3676 | D:4      | Gained mutation: You have a pair of horns on your head.
                  | [demonic ancestry]
  3676 | D:4      | Reached XP level 6. HP: 41/41 MP: 5/10
  3741 | D:4      | Reached skill level 4 in Conjurations
  3847 | D:4      | Found a basalt altar of Yredelemnul.
  3980 | D:4      | Found a runed translucent gate.
  3980 | D:4      | Found a runed translucent gate.
  3980 | D:4      | Found a runed translucent gate.
  3982 | D:4      | Noticed mandoloar's ghost (novice GnWr)
  4076 | D:4      | Reached XP level 7. HP: 46/46 MP: 6/12
  4221 | D:4      | Noticed Robin
  4318 | D:4      | Killed Robin
  4388 | D:4      | Noticed Menkaure
  4397 | D:4      | Killed Menkaure
  4398 | D:4      | Reached skill level 5 in Conjurations
  4403 | D:4      | Learned a level 4 spell: Flame Wave
  4405 | D:4      | Learned a level 1 spell: Shock
  4712 | D:5      | Entered Level 5 of the Dungeon
  4825 | D:5      | Reached skill level 5 in Fire Magic
  4978 | D:5      | Found a staircase to the Ecumenical Temple.
  5042 | Temple   | Entered the Ecumenical Temple
  5238 | Temple   | Became a worshipper of Sif Muna the Loreminder
  5284 | D:5      | Found Cedax's Lightly-Used Armoury.
  5355 | D:5      | Gained mutation: You are mostly covered in razor-sharp
                  | scales. (AC +2, Slay +2) [demonic ancestry]
  5355 | D:5      | Reached XP level 8. HP: 15/53 MP: 5/15
  6091 | D:6      | Reached skill level 6 in Conjurations
  6743 | D:7      | Reached skill level 5 in Spellcasting
  6747 | D:7      | Found a flagged portal.
  6757 | Bailey   | Entered a bailey
  6881 | Bailey   | Noticed an orc knight
  6914 | Bailey   | Slain by an orc knight

Illustrated notes

Levels and vault maps discovered:
D:1:      dpeg_arrival_three_same_balls, layout_basic,
          shapermc_ecumenical_altar_mp_urbaneastern
D:2:      layout_loops_corners, chequers_serial_rivers_small_a, st_stairs_2
D:3:      layout_rooms
D:4:      layout_loops_ring, lemuel_mausoleum_altar_yredelemnul,
          gammafunk_ghost_split, nicolae_kite_square_tiling_tiny,
          nicolae_shop_dragon_depot, uniq_blork_the_orc, uniq_menkaure,
          uniq_robin
D:5:      layout_cave_pools, minmay_temple_entry_sparse_star, serial_rivers,
          chequers_serial_rivers_small_b, chequers_serial_rivers_micro_a,
          chequers_serial_rivers_room_a, chequers_serial_rivers_micro_a,
          chequers_serial_rivers_micro_d, chequers_serial_rivers_marsh,
          minmay_shop_damaged
D:6:      layout_basic, serial_curves, eino_curves_01, eino_curves_02
D:7:      layout_cave_pods, enter_bailey_6
Temple:   mainiacjoe_temple_circle_huts
Bailey:   bailey_polearm_1, bailey

Skill      XL: |  1  2  3  4  5  6  7  8 |
---------------+-------------------------+-----
Fire Magic     | 3 4 5 |  5.7
Stealth        | 2 |  2.0
Conjurations   | 2 3 4 5 6 |  6.9
Dodging        | 2 |  2.6
Spellcasting   | 3 4 5 |  5.2
Fighting       | |  0.8

Action                   |  1- 3 |  4- 6 |  7- 9 || total
-------------------------+-------+-------+-------++-------
Melee: Dagger            |     8 |    37 |    17 ||    62
       Short sword       |    24 |       |       ||    24
       Headbutt          |       |    11 |     4 ||    15
       Punch             |       |     2 |     1 ||     3
 Cast: Foxfire           |    68 |   109 |   123 ||   300
       Flame Wave        |       |       |     1 ||     1
Evoke: Wand              |       |       |     1 ||     1
 Stab: Paralysed         |     3 |    11 |     3 ||    17
Armor: Robe              |     5 |     9 |     1 ||    15
Dodge: Dodged            |    21 |    19 |    18 ||    58

Table legend: (Time is in decaauts)
 A = Elapsed time spent in this place.
 B = Non-inter-level travel time spent in this place.
 C = Inter-level travel time spent in this place.
 D = Time resting spent in this place.
 E = Time spent auto-exploring this place.
 F = Levels seen in this place.
 G = Mean time per level.
                   A        B        C        D        E       F      G
               +--------+--------+--------+--------+--------+-----+--------+
         Total |   6926 |   6799 |    127 |    693 |   4513 |   9 |  769.6 |
       Dungeon |   6554 |   6427 |    127 |    645 |   4339 |   7 |  936.3 |
        Temple |    207 |    207 |      0 |      0 |    174 |   1 |  207.0 |
        Bailey |    164 |    164 |      0 |     48 |      0 |   1 |  164.0 |
               +--------+--------+--------+--------+--------+-----+--------+

Top non-repeatable levels by time:
     D:4: 1556 daAuts
     D:2: 1336 daAuts
     D:1: 1260 daAuts
     D:5: 935 daAuts
     D:6: 844 daAuts
     D:3: 559 daAuts
  Temple: 207 daAuts
  Bailey: 164 daAuts
     D:7: 61 daAuts
